 Dungeon Crawl Stone Soup version 0.27.1-1-g398f81649c (webtiles) character file.

Game seed: 12560885540947212644

51 aster the Slasher (level 3, 0/34 HPs)
             Began as a Tengu Berserker on Sept 10, 2021.
             Was a Believer of Trog.
             Succumbed to an adder's poison
             ... on level 2 of the Dungeon.
             The game lasted 00:02:13 (1495 turns).

aster the Slasher (Tengu Berserker)                 Turns: 1495, Time: 00:02:14

Health: 0/34       AC:  2    Str: 17    XL:     3   Next: 81%
Magic:  4/4        EV: 27    Int:  7    God:    Trog [**....]
Gold:   17         SH:  0    Dex: 14    Spells: 2/2 levels left

rFire    . . .     SeeInvis .   a - +0 falchion
rCold    . . .     Faith    .   (no shield)
rNeg     . . .     Spirit   .   b - +0 animal skin
rPois    .         Reflect  .   (helmet restricted)
rElec    .         Harm     .   (no cloak)
rCorr    .         Rampage  .   (no gloves)
Will     .....                  (boots unavailable)
Stlth    ..........             i - amulet of the acrobat
HPRegen  0.11/turn              (no ring)
MPRegen  0.09/turn              (no ring)

@: berserking, lethally poisoned (0 -> -6), acrobatic, very quick
A: beak, talons 3
a: Renounce Religion, Berserk, Trog's Hand


You were on level 2 of the Dungeon.
You worshipped Trog.
Trog was pleased with you.
You visited 1 branch of the dungeon, and saw 2 of its levels.

You collected 17 gold pieces.

Inventory:

Hand Weapons
 a - a +0 falchion (weapon)
Armour
 b - a +0 animal skin (worn)
Jewellery
 i - an amulet of the acrobat (around neck)
Scrolls
 c - 3 scrolls of identify {unknown}
 e - a scroll of fear {unknown}
 f - 2 scrolls of vulnerability {unknown}
 g - a scroll of teleportation {unknown}
Potions
 d - a potion of ambrosia {unknown}
 h - a potion of mutation {unknown}


   Skills:
 + Level 3.5 Fighting
 * Level 4.6 Long Blades
 - Level 2.1 Armour
 - Level 2.1 Dodging


You had 2 spell levels left.
You didn't know any spells.
Your spell library was empty.

Dungeon Overview and Level Annotations

Branches:
Dungeon (2/15)

Altars:


Innate Abilities, Weirdness & Mutations

You have a beak for a mouth.
You have claws for feet.


Message History

Trog accepts your kill. The adder bites you but does no damage.
You see here a rat corpse.
You barely miss the adder. Your kick misses the adder.
Your peck misses the adder. The adder bites you.
You are poisoned.
The adder poisons you! The adder completely misses you.
You hit the adder. Your kick misses the adder. You peck the adder.
The adder is almost dead.
You feel sick. The adder bites you.
* * * LOW HITPOINT WARNING * * *
The orc hits you with a +0 whip.
* * * LOW HITPOINT WARNING * * *
A red film seems to cover your vision as you go berserk!
You feel yourself moving faster!
You feel mighty!
You feel sick. The adder barely misses you. The orc closely misses you.
You riposte.
You barely miss the orc. Your kick misses the orc.
The adder bites you but does no damage.
You miss the adder. Your peck misses the adder.
The adder is almost dead.
The orc hits you with a +0 whip.
* * * LOW HITPOINT WARNING * * *
The adder bites you.
* * * LOW HITPOINT WARNING * * *
You are lethally poisoned!
The adder poisons you!
You hit the adder.
You feel the power of Trog in you as your rage grows.
You kill the adder!
Trog accepts your kill.
* * * LOW HITPOINT WARNING * * *
You feel sick.
You slash the orc!
You kill the orc!
Trog accepts your kill.
* * * LOW HITPOINT WARNING * * *
You feel sick.
You are too berserk!
There is a lethal amount of poison in your body!
You die...

...........# #.#.#.
##..#..##..# #.... #
##.........# #...# .#
...##......# ###(..###.#
#####...#### #.........# .#
#...# #....>..# .# #...#
#....)..# # #...# #####...##
.####...######..@.....#
........†......#)##†))#
........†.................
...............#..##..#...[
#####...######.#..##..#.....
#...# #.......$# .... #...#
####.##### ### #...# .#
#...#


There were no monsters in sight!

Vanquished Creatures
  An adder (D:2)
  A worm (D:2)
  3 orcs (D:2)
  An endoplasm (D:1)
  2 giant cockroaches
  6 goblins
  2 hobgoblins (D:1)
  3 jackals (D:2)
  A quokka (D:1)
  2 ball pythons (D:1)
  5 bats
  A frilled lizard (D:1)
  3 kobolds
  2 rats (D:2)
33 creatures vanquished.

Notes
Turn   | Place    | Note
-------+----------+-------------------------------------------
     0 | D:1      | aster the Tengu Berserker began the quest for the Orb.
     0 | D:1      | Reached XP level 1. HP: 14/14 MP: 2/2
   201 | D:1      | Reached XP level 2. HP: 16/19 MP: 3/3
   770 | D:1      | Reached skill level 4 in Long Blades
  1080 | D:1      | Found a faded altar of an unknown god.
  1157 | D:2      | Reached ** piety under Trog
  1171 | D:2      | Reached XP level 3. HP: 21/23 MP: 4/4
  1494 | D:2      | HP: 1/34 [poisoned by an adder]
  1495 | D:2      | Succumbed to an adder's poison

Illustrated notes

Levels and vault maps discovered:
D:1:      dpeg_arrival_stone_temple_mockup, layout_basic,
          shapermc_ecumenical_altar_petra, minmay_misc_feat_secret_circle
D:2:      layout_loops_cross

Skill      XL: |  1  2 |
---------------+-------+-----
Long Blades    | 4 |  4.6
Fighting       | |  3.5
Armour         | |  2.1
Dodging        | |  2.1

Action                   || total
-------------------------++-------
Melee: Falchion          ||    57
       Kick              ||    16
       Peck              ||     5
Invok: Berserk           ||     1
Armor: Animal skin       ||    11
Dodge: Dodged            ||    36
       Rpst.: Falchion   ||    14
